 Dungeon Crawl Stone Soup version 0.22.1-2-g9c5b331 (webtiles) character file.

1620 havocjr2 the Shield-Bearer (level 8, 0/67 HPs)
             Began as a Gnoll Fighter on Dec 19, 2018.
             Was a Follower of Vehumet.
             Succumbed to a water moccasin's poison
             ... on level 6 of the Dungeon.
             The game lasted 00:41:23 (5223 turns).

havocjr2 the Shield-Bearer (Gnoll Fighter)          Turns: 5223, Time: 00:41:24

Health: 0/67       AC: 12    Str: 18    XL:     8   Next: 96%
Magic:  13/13      EV:  8    Int: 13    God:    Vehumet [*.....]
Gold:   275        SH: 11    Dex: 15    Spells: 14/14 levels left

rFire    + . .     SeeInvis .   E - +0 long sword (holy)
rCold    . . .     Gourm    .   c - +0 shield
rNeg     . . .     Faith    .   i - +0 chain mail
rPois    .         Spirit   .   m - +0 helmet
rElec    .         Reflect  .   (no cloak)
rCorr    .         Harm     .   (no gloves)
MR       .....                  (no boots)
Stlth    ..........             (no amulet)
HPRegen  0.21/turn              w - ring of protection from fire
MPRegen  0.13/turn              (no ring)

@: lethally poisoned (0 -> -7)
A: distributed training, fangs 1, strong nose
a: Renounce Religion


You were on level 6 of the Dungeon.
You worshipped Vehumet.
Vehumet was aware of your devotion.
You were not hungry.

You visited 2 branches of the dungeon, and saw 7 of its levels.

You collected 275 gold pieces.

Inventory:

Hand Weapons
 a - a +1 long sword
 r - a +3 dagger
 x - a +2 morningstar of flaming
 E - a +0 long sword of holy wrath (weapon)
Missiles
 g - 159 stones
 h - 39 bolts
 k - 81 arrows
 z - 2 throwing nets
 F - a tomahawk (quivered)
Armour
 b - a +0 scale mail
 c - a +0 shield (worn)
 i - a +0 chain mail (worn)
 m - a +0 helmet (worn)
 B - a +0 ring mail of fire resistance
 C - a +0 plate armour
Jewellery
 w - a ring of protection from fire (left hand)
Wands
 d - a wand of flame (21)
Scrolls
 q - a scroll of amnesia
 t - 2 scrolls of blinking
 v - a scroll of immolation {unknown}
 y - 2 scrolls of remove curse
 A - a scroll of identify
Potions
 e - a potion of magic {unknown}
 j - a potion of haste {unknown}
 l - a potion of agility {unknown}
 n - a potion of degeneration {unknown}
 o - 5 potions of brilliance
 p - 2 potions of mutation {unknown}
 s - 2 potions of curing {unknown}
 u - 2 potions of lignification {unknown}
Comestibles
 f - 10 rations
 D - 3 chunks of flesh


   Skills:
 + Level 7.5 Fighting
 + Level 3.6 Short Blades
 + Level 5.9 Long Blades
 + Level 3.6 Axes
 + Level 3.6 Maces & Flails
 + Level 3.6 Polearms
 + Level 3.6 Staves
 + Level 3.6 Slings
 + Level 3.6 Bows
 + Level 3.6 Crossbows
 + Level 3.6 Throwing
 + Level 7.5 Armour
 + Level 3.6 Dodging
 + Level 3.6 Stealth
 + Level 7.5 Shields
 + Level 3.6 Unarmed Combat
 + Level 3.6 Spellcasting
 + Level 3.0 Conjurations
 + Level 3.0 Hexes
 + Level 3.0 Charms
 + Level 3.0 Summonings
 + Level 3.0 Necromancy
 + Level 3.0 Translocations
 + Level 3.0 Transmutations
 + Level 3.0 Fire Magic
 + Level 3.0 Ice Magic
 + Level 3.0 Air Magic
 + Level 3.0 Earth Magic
 + Level 3.0 Poison Magic
 + Level 4.0 Invocations
 + Level 3.6 Evocations


You had 14 spell levels left.
You didn't know any spells.
Your spell library contained the following spells:

 Spells                   Type           Power        Failure   Level  Hunger
 Flame Tongue             Conj/Fire      ##...        86%         1    #......
 Animate Skeleton         Necr           N/A          86%         1    #......
 Apportation              Tloc           ##....       86%         1    #......
 Confusing Touch          Hex            ##....       86%         1    #......
 Summon Small Mammal      Summ           ##..         86%         1    #......


Dungeon Overview and Level Annotations

Branches:
Dungeon (6/15)             Temple (1/1) D:4

Altars:
Ashenzari
Cheibriados
Elyvilon
Fedhas
Gozag
Hepliaklqana
Kikubaaqudgha
Makhleb
Nemelex Xobeh
Okawaru
Ru
Sif Muna
Trog
Uskayaw
Vehumet
Wu Jian
Xom
Yredelemnul
The Shining One


Innate Abilities, Weirdness & Mutations

Your experience applies equally to all skills.
You have very sharp teeth.
Your uncanny sense of smell can sniff out nearby items.


Message History

You block the orc wizard's attack.
The crimson imp hits you but does no damage.
The water moccasin bites you but does no damage.
* * * LOW HITPOINT WARNING * * *
You feel sick. The crimson imp spits at you.
You block the crimson imp's attack.
The sky beast flickers out of sight!
Deactivating autopickup; reactivate with Ctrl-A.
The orc wizard hits you with a dagger.
* * * LOW HITPOINT WARNING * * *
* * * LOW HITPOINT WARNING * * *
You feel sick.
The crimson imp blinks!
The orc wizard casts a spell.
The orc wizard seems to speed up.
* * * LOW HITPOINT WARNING * * *
You feel sick.
* * * LOW HITPOINT WARNING * * *
You feel sick. You block the water moccasin's attack.
You see here a stone.
You die...

##.... .. ......
#.######......
#.>o.....5.. #........#
.. #((# .. #####(.## ∆
###.#.......#
........###@# .
###.....###(###### ##..
###.5...S.(....##.....
.........o.........#...
###########.##...#.....
#...#.†..# ##....##.
#.##.# #.##.#


You could see a water moccasin and an orc wizard.

Vanquished Creatures
  Grinder (D:5)
  Sigmund (D:4)
  2 sky beasts
  A bullfrog (D:6)
  4 scorpions
  2 howler monkeys (D:4)
  A bullfrog zombie (D:5)
  A crimson imp (D:6)
  2 hounds
  2 orc priests
  2 orc wizards
  3 centaur skeletons (D:6)
  4 worker ants
  Natasha (twice) (D:3)
  2 iguanas
  6 gnolls
  A worker ant zombie (D:6)
  5 adders
  2 oozes
  An adder zombie (D:5)
  2 worms
  2 dart slugs
  4 leopard geckos
  17 orcs
  3 bats
  3 giant cockroaches
  9 goblins
  4 hobgoblins
  5 kobolds
  3 quokkas
  2 frilled lizards (D:3)
  A leopard gecko skeleton (D:6)
  A quokka skeleton (D:4)
  A quokka zombie (D:6)
  3 rats
105 creatures vanquished.

Notes
Turn   | Place    | Note
-------+----------+-------------------------------------------
     0 | D:1      | havocjr2 the Gnoll Fighter began the quest for the Orb.
     0 | D:1      | Reached XP level 1. HP: 23/23 MP: 1/1
   219 | D:1      | Reached XP level 2. HP: 27/29 MP: 2/2
   801 | D:1      | Reached XP level 3. HP: 35/35 MP: 3/3
  1140 | D:2      | Reached skill level 1 in Invocations
  1385 | D:2      | Reached skill level 1 in Short Blades
  1385 | D:2      | Reached skill level 1 in Axes
  1385 | D:2      | Reached skill level 1 in Maces & Flails
  1385 | D:2      | Reached skill level 1 in Polearms
  1385 | D:2      | Reached skill level 1 in Staves
  1385 | D:2      | Reached skill level 1 in Slings
  1385 | D:2      | Reached skill level 1 in Bows
  1385 | D:2      | Reached skill level 1 in Crossbows
  1385 | D:2      | Reached skill level 1 in Throwing
  1385 | D:2      | Reached skill level 1 in Dodging
  1385 | D:2      | Reached skill level 1 in Stealth
  1385 | D:2      | Reached skill level 1 in Unarmed Combat
  1385 | D:2      | Reached skill level 1 in Spellcasting
  1385 | D:2      | Reached skill level 1 in Evocations
  1385 | D:2      | Reached XP level 4. HP: 41/41 MP: 5/5
  1927 | D:3      | Found an ancient bone altar of Kikubaaqudgha.
  1942 | D:3      | Noticed Natasha
  1970 | D:4      | Reached skill level 1 in Conjurations
  1970 | D:4      | Reached skill level 1 in Hexes
  1970 | D:4      | Reached skill level 1 in Charms
  1970 | D:4      | Reached skill level 1 in Summonings
  1970 | D:4      | Reached skill level 1 in Necromancy
  1970 | D:4      | Reached skill level 1 in Translocations
  1970 | D:4      | Reached skill level 1 in Transmutations
  1970 | D:4      | Reached skill level 1 in Fire Magic
  1970 | D:4      | Reached skill level 1 in Ice Magic
  1970 | D:4      | Reached skill level 1 in Air Magic
  1970 | D:4      | Reached skill level 1 in Earth Magic
  1970 | D:4      | Reached skill level 1 in Poison Magic
  1986 | D:4      | Reached XP level 5. HP: 21/47 MP: 5/7
  2158 | D:4      | Found a sparkling altar of Nemelex Xobeh.
  2273 | D:4      | Noticed Sigmund
  2290 | D:4      | Reached XP level 6. HP: 45/53 MP: 8/8
  2345 | D:4      | Found a staircase to the Ecumenical Temple.
  2351 | Temple   | Entered the Ecumenical Temple
  2426 | Temple   | Became a worshipper of Vehumet
  2506 | D:3      | Killed Natasha
  2518 | D:3      | Reached skill level 5 in Long Blades
  2588 | D:3      | Found a white marble altar of Elyvilon.
  2719 | D:3      | Noticed Natasha
  2728 | D:3      | Killed Natasha
  2876 | D:3      | Found an ornate altar of the Wu Jian Council.
  2940 | D:4      | Noticed Grinder
  3001 | D:5      | Entered Level 5 of the Dungeon
  3204 | D:5      | Reached XP level 7. HP: 47/59 MP: 10/10
  3654 | D:5      | Reached * piety under Vehumet
  3654 | D:5      | Offered knowledge of Flame Tongue by Vehumet.
  4196 | D:4      | Paralysed by Grinder for 4 turns
  4225 | D:5      | Paralysed by Grinder for 3 turns
  4233 | D:5      | Killed Grinder
  4233 | D:5      | Reached XP level 8. HP: 21/67 MP: 10/12
  4501 | D:4      | Killed Sigmund
  5219 | D:6      | HP: 3/67 [orc wizard/dagger (1)]
  5222 | D:6      | HP: 1/67 [poisoned by a water moccasin]
  5223 | D:6      | Succumbed to a water moccasin's poison

Skill      XL: |  1  2  3  4  5  6  7  8 |
---------------+-------------------------+-----
Invocations    | 1 2 3 4 |  4.0
Short Blades   | 1 2 3 |  3.6
Axes           | 1 2 3 |  3.6
Maces & Flails | 1 2 3 |  3.6
Polearms       | 1 2 3 |  3.6
Staves         | 1 2 3 |  3.6
Slings         | 1 2 3 |  3.6
Bows           | 1 2 3 |  3.6
Crossbows      | 1 2 3 |  3.6
Throwing       | 1 2 3 |  3.6
Dodging        | 1 2 3 |  3.6
Stealth        | 1 2 3 |  3.6
Unarmed Combat | 1 2 3 |  3.6
Spellcasting   | 1 2 3 |  3.6
Evocations     | 1 2 3 |  3.6
Conjurations   | 1 2 3 |  3.0
Hexes          | 1 2 3 |  3.0
Charms         | 1 2 3 |  3.0
Summonings     | 1 2 3 |  3.0
Necromancy     | 1 2 3 |  3.0
Translocations | 1 2 3 |  3.0
Transmutations | 1 2 3 |  3.0
Fire Magic     | 1 2 3 |  3.0
Ice Magic      | 1 2 3 |  3.0
Air Magic      | 1 2 3 |  3.0
Earth Magic    | 1 2 3 |  3.0
Poison Magic   | 1 2 3 |  3.0
Long Blades    | 5 |  5.9
Fighting       | 7 |  7.5
Armour         | 7 |  7.5
Shields        | 7 |  7.5

Action                   |  1- 3 |  4- 6 |  7- 9 || total
-------------------------+-------+-------+-------++-------
Melee: Long sword        |    62 |   110 |   274 ||   446
       Bite              |     9 |    11 |    48 ||    68
Throw: Stone             |     5 |    21 |    10 ||    36
       Throwing net      |       |     1 |     2 ||     3
       Tomahawk          |       |       |     8 ||     8
  Use: Scroll            |     3 |     4 |       ||     7
       Potion            |       |     2 |     3 ||     5
 Stab: Held in net/web   |       |       |     1 ||     1
  Eat: Chunk             |     2 |     5 |     4 ||    11
       Ration            |       |       |     1 ||     1
Armor: Chain mail        |    21 |    41 |   115 ||   177
       Skin              |       |     6 |       ||     6
Dodge: Dodged            |    11 |    27 |    61 ||    99
Block: Shield            |    32 |    59 |   135 ||   226
       Rpst.: Long sword |     8 |     4 |    10 ||    22
